[ AOE2 MATCH · #483554888 ]
UnrankedCumans vs Japanese
[ REPLAY ANALYSIS · EXTRACTED FROM THE RECORDED GAME ]
Feudal
9:50
Castle
20:56
Imperial
35:07
| APM avg | 41.6 |
| APM peak | 102 |
| eAPM avg | 21.6 |
| Villagers / military | 162 / 200 |
Focus
⚔️ 35.1% · 🌾 64.9%
Steppe Lancer ×199 · Camel Scout ×1
Feudal
10:39
Castle
19:11
Imperial
30:06
| APM avg | 21.6 |
| APM peak | 48 |
| eAPM avg | 15.5 |
| Villagers / military | 132 / 118 |
Focus
⚔️ 19.3% · 🌾 80.7%
Knight ×117 · Monk ×1
Feudal
11:21
Castle
18:00
Imperial
33:19
| APM avg | 19.5 |
| APM peak | 58 |
| eAPM avg | 13.2 |
| Villagers / military | 131 / 100 |
Focus
⚔️ 20.3% · 🌾 79.7%
Spearman ×98 · Monk ×2
Feudal
10:35
Castle
21:19
Imperial
41:21
| APM avg | 32.5 |
| APM peak | 77 |
| eAPM avg | 15.7 |
| Villagers / military | 87 / 98 |
Focus
⚔️ 29.1% · 🌾 70.9%
Archer ×49 · Rattan Archer ×15 · Skirmisher ×14 · Spearman ×9 · Fire Lancer ×9 · Trebuchet (Packed) ×2
Feudal
11:54
Castle
23:57
Imperial
37:26
| APM avg | 46.1 |
| APM peak | 89 |
| eAPM avg | 23.2 |
| Villagers / military | 78 / 68 |
Focus
⚔️ 18.5% · 🌾 81.5%
Knight ×40 · Cavalry Archer ×20 · Coustillier ×6 · Spearman ×2
Feudal
—
Castle
—
Imperial
—
| APM avg | 30.0 |
| APM peak | 84 |
| eAPM avg | 14.8 |
| Villagers / military | 130 / 92 |
Focus
⚔️ 29.4% · 🌾 70.6%
Conquistador ×88 · Trebuchet (Packed) ×4
Feudal
11:36
Castle
24:09
Imperial
40:17
| APM avg | 30.2 |
| APM peak | 121 |
| eAPM avg | 14.1 |
| Villagers / military | 106 / 91 |
Focus
⚔️ 31.7% · 🌾 68.3%
Knight ×43 · Skirmisher ×25 · Scout Cavalry ×20 · Conquistador ×3
Feudal
10:17
Castle
20:12
Imperial
—
| APM avg | 16.7 |
| APM peak | 31 |
| eAPM avg | 11.7 |
| Villagers / military | 98 / 34 |
Focus
⚔️ 14.7% · 🌾 85.3%
Ballista Elephant ×30 · Spearman ×4
Match map
Initial resources + every placement click. Lines = walls · curves = elevation contours. ◆ gold · ⬟ stone · ● berries · ✦ relic · ◌ wall gap
Your base· Open — unwalled flank
蹲牢里大口干饭's base· Open — unwalled flank
Slayer30's base· Open — unwalled flank
jOkEs On YoU's base· Open — 3t gap
Jack3d's base· Open — unwalled flank
MachoClock30007's base· ✓ Closed at 16:54 · 68t walls · no gate
aerogel's base· Open — unwalled flank
alsercan87's base· Open — unwalled flank
Smoothed initial terrain · ◌ = detected wall gap · hover for details
Inputs per minute
— 66狗 - - 蹲牢里大口干饭
Build order — 66狗
First 150 of 521 actions detected
| 0:04 | Create | Villager (Male) |
| 0:04 | Create | Villager (Male) |
| 0:04 | Create | Villager (Male) |
| 0:08 | Build | House |
| 0:12 | Build | House |
| 0:24 | Create | Villager (Male) |
| 0:24 | Create | Villager (Male) |
| 1:28 | Create | Villager (Male) |
| 1:28 | Create | Villager (Male) |
| 2:00 | Build | Lumber Camp |
| 2:05 | Create | Villager (Male) |
| 2:05 | Create | Villager (Male) |
| 2:18 | Create | Villager (Male) |
| 2:51 | Create | Villager (Male) |
| 2:51 | Create | Villager (Male) |
| 3:06 | Create | Villager (Male) |
| 3:06 | Create | Villager (Male) |
| 3:41 | Create | Villager (Male) |
| 3:41 | Create | Villager (Male) |
| 3:56 | Build | House |
| 4:00 | Build | Mill |
| 4:16 | Create | Villager (Male) |
| 4:16 | Create | Villager (Male) |
| 4:18 | Create | Villager (Male) |
| 4:18 | Create | Villager (Male) |
| 4:49 | Create | Villager (Male) |
| 4:50 | Create | Villager (Male) |
| 4:59 | Build | House |
| 5:19 | Create | Villager (Male) |
| 5:19 | Create | Villager (Male) |
| 5:31 | Create | Villager (Male) |
| 5:31 | Create | Villager (Male) |
| 5:31 | Create | Villager (Male) |
| 6:08 | Research | Loom |
| 6:08 | Research | Loom |
| 6:23 | Create | Villager (Male) |
| 6:23 | Create | Villager (Male) |
| 6:50 | Create | Villager (Male) |
| 7:11 | Research | Loom |
| 7:12 | Research | Loom |
| 7:37 | Research | Feudal Age |
| 7:37 | Research | Feudal Age |
| 8:46 | Create | Villager (Male) |
| 8:46 | Create | Villager (Male) |
| 9:50 | Age | Feudal Age |
| 9:55 | Build | Town Center |
| 10:01 | Research | Double-Bit Axe |
| 10:01 | Research | Double-Bit Axe |
| 10:03 | Research | Horse Collar |
| 10:03 | Research | Horse Collar |
| 10:19 | Create | Villager (Male) |
| 10:24 | Build | House |
| 11:01 | Create | Villager (Male) |
| 11:06 | Create | Villager (Male) |
| 11:16 | Build | Farm |
| 11:20 | Build | Farm |
| 11:20 | Build | Farm |
| 11:26 | Build | Farm |
| 11:27 | Create | Villager (Male) |
| 11:27 | Create | Villager (Male) |
| 11:29 | Build | Farm |
| 11:34 | Build | Farm |
| 11:40 | Build | Farm |
| 11:44 | Build | Farm |
| 11:45 | Build | Farm |
| 11:48 | Build | Farm |
| 11:50 | Create | Villager (Male) |
| 11:50 | Create | Villager (Male) |
| 11:58 | Build | Farm |
| 12:06 | Build | House |
| 12:11 | Create | Villager (Male) |
| 12:24 | Build | Farm |
| 12:28 | Create | Villager (Male) |
| 12:35 | Create | Villager (Male) |
| 12:45 | Build | Farm |
| 12:49 | Build | Farm |
| 12:51 | Create | Villager (Male) |
| 12:51 | Create | Villager (Male) |
| 12:59 | Build | House |
| 13:14 | Create | Villager (Male) |
| 13:14 | Create | Villager (Male) |
| 13:15 | Create | Villager (Male) |
| 13:23 | Build | House |
| 13:30 | Build | Farm |
| 13:31 | Build | Farm |
| 13:37 | Build | Farm |
| 13:41 | Create | Villager (Male) |
| 13:41 | Create | Villager (Male) |
| 13:53 | Build | Blacksmith |
| 13:57 | Create | Villager (Male) |
| 13:58 | Create | Villager (Male) |
| 14:03 | Build | Farm |
| 14:16 | Build | Farm |
| 14:17 | Build | Farm |
| 14:22 | Create | Villager (Male) |
| 14:23 | Create | Villager (Male) |
| 14:25 | Build | Farm |
| 14:30 | Build | House |
| 14:40 | Create | Villager (Male) |
| 14:41 | Create | Villager (Male) |
| 15:01 | Create | Villager (Male) |
| 15:07 | Build | Market |
| 15:11 | Create | Villager (Male) |
| 15:16 | Build | Farm |
| 15:19 | Build | Farm |
| 15:30 | Create | Villager (Male) |
| 15:30 | Create | Villager (Male) |
| 15:45 | Build | Farm |
| 15:51 | Build | House |
| 16:00 | Create | Villager (Male) |
| 16:00 | Create | Villager (Male) |
| 16:30 | Create | Villager (Male) |
| 16:30 | Create | Villager (Male) |
| 16:34 | Build | House |
| 16:38 | Build | Mining Camp |
| 16:51 | Create | Villager (Male) |
| 16:51 | Create | Villager (Male) |
| 17:05 | Build | House |
| 17:09 | Create | Villager (Male) |
| 17:09 | Create | Villager (Male) |
| 17:13 | Build | Farm |
| 17:14 | Build | Farm |
| 17:42 | Build | House |
| 17:45 | Create | Villager (Male) |
| 17:47 | Create | Villager (Male) |
| 18:03 | Build | Barracks |
| 18:07 | Research | Castle Age |
| 18:15 | Build | Farm |
| 18:16 | Build | Farm |
| 18:21 | Build | Farm |
| 18:26 | Build | House |
| 18:33 | Research | Forging |
| 18:38 | Research | Gold Mining |
| 18:39 | Research | Gold Mining |
| 18:43 | Build | House |
| 18:53 | Build | Palisade Gate |
| 19:05 | Build | Stable |
| 19:08 | Build | Stable |
| 19:13 | Build | Stable |
| 19:17 | Research | Scale Barding Armor |
| 19:23 | Build | House |
| 19:23 | Create | Villager (Male) |
| 19:24 | Create | Villager (Male) |
| 19:30 | Build | Lumber Camp |
| 19:36 | Build | House |
| 19:39 | Build | House |
| 19:45 | Build | House |
| 20:02 | Research | Bloodlines |
| 20:02 | Research | Bloodlines |
| 20:21 | Build | House |
Build order — 蹲牢里大口干饭
First 150 of 330 actions detected
| 0:04 | Build | House |
| 0:06 | Build | House |
| 0:07 | Create | Villager (Male) |
| 0:07 | Create | Villager (Male) |
| 0:08 | Create | Villager (Male) |
| 0:08 | Create | Villager (Male) |
| 0:08 | Create | Villager (Male) |
| 1:43 | Create | Villager (Male) |
| 1:43 | Create | Villager (Male) |
| 1:56 | Build | Lumber Camp |
| 2:26 | Build | House |
| 2:35 | Create | Villager (Male) |
| 2:35 | Create | Villager (Male) |
| 2:36 | Create | Villager (Male) |
| 3:05 | Build | House |
| 3:08 | Create | Villager (Male) |
| 3:08 | Create | Villager (Male) |
| 4:02 | Create | Villager (Male) |
| 4:02 | Create | Villager (Male) |
| 4:03 | Create | Villager (Male) |
| 4:45 | Create | Villager (Male) |
| 4:46 | Create | Villager (Male) |
| 5:16 | Create | Villager (Male) |
| 5:16 | Create | Villager (Male) |
| 5:17 | Create | Villager (Male) |
| 6:10 | Create | Villager (Male) |
| 6:30 | Create | Villager (Male) |
| 7:12 | Create | Villager (Male) |
| 7:27 | Build | Mill |
| 7:39 | Create | Villager (Male) |
| 8:03 | Create | Villager (Male) |
| 8:26 | Research | Feudal Age |
| 8:31 | Build | Farm |
| 8:33 | Build | Farm |
| 8:37 | Create | Villager (Male) |
| 8:37 | Create | Villager (Male) |
| 8:49 | Build | Farm |
| 9:00 | Build | Lumber Camp |
| 9:17 | Build | House |
| 9:21 | Build | Farm |
| 9:44 | Create | Villager (Male) |
| 9:58 | Build | Mining Camp |
| 10:39 | Age | Feudal Age |
| 10:43 | Research | Loom |
| 11:31 | Build | Watch Tower |
| 12:36 | Build | Watch Tower |
| 13:14 | Research | Wheelbarrow |
| 13:16 | Research | Double-Bit Axe |
| 13:39 | Build | Mining Camp |
| 13:47 | Build | Outpost |
| 14:04 | Build | Farm |
| 14:06 | Build | Farm |
| 14:08 | Build | Farm |
| 14:09 | Build | Farm |
| 14:10 | Build | Farm |
| 14:27 | Build | Farm |
| 14:37 | Research | Horse Collar |
| 14:45 | Create | Villager (Male) |
| 14:45 | Create | Villager (Male) |
| 15:04 | Build | Blacksmith |
| 15:16 | Build | Market |
| 15:40 | Create | Villager (Male) |
| 15:56 | Build | House |
| 16:31 | Research | Castle Age |
| 16:43 | Create | Villager (Male) |
| 16:43 | Create | Villager (Male) |
| 17:37 | Build | Farm |
| 17:46 | Build | Farm |
| 17:48 | Build | Farm |
| 17:51 | Build | Farm |
| 19:11 | Age | Castle Age |
| 19:17 | Build | Town Center |
| 19:25 | Build | Town Center |
| 19:31 | Research | Hand Cart |
| 19:40 | Research | Bow Saw |
| 21:05 | Create | Villager (Male) |
| 21:06 | Create | Villager (Male) |
| 21:34 | Build | Town Center |
| 21:40 | Create | Villager (Male) |
| 21:40 | Create | Villager (Male) |
| 21:43 | Create | Villager (Male) |
| 21:43 | Create | Villager (Male) |
| 21:43 | Create | Villager (Male) |
| 21:45 | Create | Villager (Male) |
| 21:45 | Create | Villager (Male) |
| 21:54 | Build | Lumber Camp |
| 22:31 | Create | Villager (Male) |
| 22:40 | Create | Villager (Male) |
| 22:40 | Create | Villager (Male) |
| 22:43 | Create | Villager (Male) |
| 22:44 | Create | Villager (Male) |
| 22:51 | Build | Farm |
| 22:53 | Build | Farm |
| 22:58 | Build | Farm |
| 23:01 | Build | Farm |
| 23:13 | Build | Farm |
| 23:15 | Build | Farm |
| 23:16 | Build | Farm |
| 23:26 | Build | Monastery |
| 23:32 | Create | Villager (Male) |
| 23:33 | Create | Villager (Male) |
| 23:37 | Create | Villager (Male) |
| 23:38 | Create | Villager (Male) |
| 23:39 | Create | Villager (Male) |
| 23:40 | Create | Villager (Male) |
| 23:44 | Create | Villager (Male) |
| 23:46 | Research | Gold Mining |
| 23:57 | Build | Farm |
| 24:01 | Build | Farm |
| 24:09 | Build | Farm |
| 24:14 | Build | Farm |
| 24:19 | Build | University |
| 24:27 | Create | Villager (Male) |
| 24:27 | Create | Villager (Male) |
| 24:33 | Build | House |
| 24:44 | Build | House |
| 24:44 | Build | House |
| 24:50 | Build | Farm |
| 24:53 | Build | Farm |
| 24:57 | Build | Farm |
| 24:58 | Create | Monk |
| 25:12 | Build | Farm |
| 25:36 | Build | Farm |
| 26:01 | Build | House |
| 26:01 | Build | House |
| 26:02 | Build | House |
| 26:02 | Build | House |
| 26:02 | Build | House |
| 26:12 | Create | Villager (Male) |
| 26:12 | Create | Villager (Male) |
| 26:13 | Create | Villager (Male) |
| 26:14 | Create | Villager (Male) |
| 26:14 | Create | Villager (Male) |
| 26:17 | Create | Villager (Male) |
| 26:17 | Create | Villager (Male) |
| 26:18 | Create | Villager (Male) |
| 26:21 | Create | Villager (Male) |
| 26:21 | Create | Villager (Male) |
| 26:22 | Create | Villager (Male) |
| 26:37 | Build | Mining Camp |
| 26:51 | Create | Villager (Male) |
| 26:51 | Create | Villager (Male) |
| 26:51 | Create | Villager (Male) |
| 26:51 | Create | Villager (Male) |
| 26:52 | Create | Villager (Male) |
| 26:52 | Create | Villager (Male) |
| 26:56 | Research | Imperial Age |
| 27:25 | Build | Farm |
| 27:29 | Build | Farm |
| 27:31 | Create | Villager (Male) |
Build order — Slayer30
First 150 of 350 actions detected
| 0:01 | Create | Villager (Male) |
| 0:02 | Create | Villager (Male) |
| 0:02 | Create | Villager (Male) |
| 0:06 | Build | House |
| 0:10 | Build | House |
| 0:39 | Create | Villager (Male) |
| 1:28 | Create | Villager (Male) |
| 1:51 | Build | Lumber Camp |
| 2:02 | Create | Villager (Male) |
| 2:03 | Create | Villager (Male) |
| 2:29 | Create | Villager (Male) |
| 2:30 | Create | Villager (Male) |
| 2:51 | Create | Villager (Male) |
| 2:51 | Create | Villager (Male) |
| 3:08 | Build | House |
| 3:13 | Build | House |
| 3:20 | Create | Villager (Male) |
| 3:21 | Create | Villager (Male) |
| 3:48 | Create | Villager (Male) |
| 3:48 | Create | Villager (Male) |
| 4:05 | Create | Villager (Male) |
| 4:06 | Create | Villager (Male) |
| 4:23 | Build | Mill |
| 5:00 | Create | Villager (Male) |
| 5:00 | Create | Villager (Male) |
| 5:01 | Create | Villager (Male) |
| 5:01 | Create | Villager (Male) |
| 5:48 | Create | Villager (Male) |
| 5:48 | Create | Villager (Male) |
| 5:58 | Create | Villager (Male) |
| 5:58 | Create | Villager (Male) |
| 6:09 | Build | House |
| 6:51 | Build | House |
| 7:27 | Build | Mill |
| 7:56 | Create | Villager (Male) |
| 7:56 | Create | Villager (Male) |
| 8:02 | Research | Loom |
| 8:27 | Build | Palisade Wall |
| 9:01 | Research | Feudal Age |
| 9:08 | Build | Mining Camp |
| 9:43 | Create | Villager (Male) |
| 9:43 | Create | Villager (Male) |
| 9:43 | Create | Villager (Male) |
| 10:49 | Build | Palisade Wall |
| 11:21 | Age | Feudal Age |
| 11:46 | Build | Market |
| 11:56 | Build | Blacksmith |
| 12:03 | Build | Palisade Wall |
| 12:10 | Research | Double-Bit Axe |
| 12:12 | Create | Villager (Male) |
| 12:13 | Create | Villager (Male) |
| 12:47 | Build | Stone Wall |
| 13:12 | Build | Stone Wall |
| 13:15 | Build | Stone Wall |
| 13:32 | Build | Stone Wall |
| 13:43 | Create | Villager (Male) |
| 13:44 | Create | Villager (Male) |
| 13:52 | Build | Mining Camp |
| 14:51 | Build | Stone Wall |
| 15:12 | Build | Stone Wall |
| 15:20 | Research | Castle Age |
| 15:20 | Research | Castle Age |
| 16:36 | Build | Farm |
| 16:36 | Build | Farm |
| 16:37 | Build | Farm |
| 16:37 | Build | Farm |
| 16:40 | Research | Horse Collar |
| 18:00 | Age | Castle Age |
| 18:04 | Build | Town Center |
| 18:09 | Research | Bow Saw |
| 18:09 | Research | Bow Saw |
| 18:23 | Research | Heavy Plow |
| 18:36 | Build | Farm |
| 18:36 | Build | Farm |
| 18:36 | Build | Farm |
| 18:36 | Build | Farm |
| 18:37 | Build | Farm |
| 18:37 | Build | Farm |
| 18:39 | Build | Farm |
| 18:40 | Build | Farm |
| 18:40 | Build | Farm |
| 18:41 | Build | Farm |
| 18:41 | Build | Farm |
| 18:41 | Build | Farm |
| 18:42 | Build | Farm |
| 18:42 | Build | Farm |
| 18:43 | Build | Farm |
| 18:43 | Build | Farm |
| 18:43 | Build | Farm |
| 18:44 | Build | Farm |
| 18:44 | Build | Farm |
| 18:44 | Build | Farm |
| 18:45 | Build | Farm |
| 18:45 | Build | Farm |
| 18:51 | Create | Villager (Male) |
| 18:51 | Create | Villager (Male) |
| 18:52 | Create | Villager (Male) |
| 18:52 | Create | Villager (Male) |
| 19:26 | Create | Villager (Male) |
| 19:26 | Create | Villager (Male) |
| 20:01 | Build | Town Center |
| 20:10 | Create | Villager (Male) |
| 20:10 | Create | Villager (Male) |
| 20:10 | Create | Villager (Male) |
| 20:39 | Build | Barracks |
| 20:48 | Create | Villager (Male) |
| 20:49 | Create | Villager (Male) |
| 20:49 | Create | Villager (Male) |
| 21:02 | Create | Villager (Male) |
| 21:03 | Create | Villager (Male) |
| 21:17 | Create | Villager (Male) |
| 21:18 | Create | Villager (Male) |
| 21:33 | Build | Monastery |
| 21:37 | Create | Villager (Male) |
| 21:37 | Create | Villager (Male) |
| 21:45 | Build | House |
| 21:46 | Build | House |
| 21:47 | Build | House |
| 21:48 | Build | House |
| 21:56 | Create | Villager (Male) |
| 21:57 | Create | Villager (Male) |
| 21:57 | Create | Villager (Male) |
| 22:12 | Create | Spearman |
| 22:12 | Create | Spearman |
| 22:23 | Create | Monk |
| 22:45 | Create | Villager (Male) |
| 22:46 | Create | Villager (Male) |
| 22:46 | Create | Villager (Male) |
| 22:53 | Build | Farm |
| 22:54 | Build | Farm |
| 22:54 | Build | Farm |
| 22:54 | Build | Farm |
| 22:54 | Build | Farm |
| 22:55 | Build | Farm |
| 22:55 | Build | Farm |
| 22:56 | Build | Farm |
| 22:58 | Create | Villager (Male) |
| 22:58 | Create | Villager (Male) |
| 22:59 | Create | Villager (Male) |
| 23:04 | Create | Villager (Male) |
| 23:23 | Create | Spearman |
| 23:23 | Create | Spearman |
| 23:24 | Create | Spearman |
| 23:31 | Build | Farm |
| 23:32 | Build | Farm |
| 23:48 | Create | Villager (Male) |
| 24:00 | Build | University |
| 24:04 | Create | Villager (Male) |
| 24:04 | Create | Villager (Male) |
| 24:17 | Create | Villager (Male) |
Build order — jOkEs On YoU
First 150 of 300 actions detected
| 0:07 | Build | House |
| 0:09 | Build | House |
| 0:14 | Create | Villager (Male) |
| 0:15 | Create | Villager (Male) |
| 0:15 | Create | Villager (Male) |
| 0:57 | Create | Villager (Male) |
| 1:38 | Create | Villager (Male) |
| 1:38 | Create | Villager (Male) |
| 2:49 | Create | Villager (Male) |
| 2:50 | Create | Villager (Male) |
| 3:29 | Research | Loom |
| 4:07 | Create | Villager (Male) |
| 4:07 | Create | Villager (Male) |
| 4:32 | Create | Villager (Male) |
| 4:51 | Create | Villager (Male) |
| 5:00 | Build | House |
| 5:08 | Create | Villager (Male) |
| 5:08 | Create | Villager (Male) |
| 5:56 | Build | Lumber Camp |
| 6:01 | Create | Villager (Male) |
| 6:39 | Build | House |
| 6:46 | Create | Villager (Male) |
| 6:46 | Create | Villager (Male) |
| 6:46 | Create | Villager (Male) |
| 7:20 | Build | Mill |
| 7:30 | Build | Palisade Wall |
| 7:33 | Create | Villager (Male) |
| 8:25 | Research | Feudal Age |
| 8:52 | Build | Farm |
| 9:00 | Build | Farm |
| 9:09 | Build | Farm |
| 9:32 | Build | Farm |
| 9:55 | Create | Villager (Male) |
| 9:55 | Create | Villager (Male) |
| 10:35 | Age | Feudal Age |
| 10:40 | Build | Palisade Wall |
| 10:50 | Build | Barracks |
| 11:04 | Build | House |
| 11:07 | Create | Villager (Male) |
| 11:34 | Build | House |
| 11:37 | Create | Villager (Male) |
| 11:47 | Build | Farm |
| 11:56 | Create | Villager (Male) |
| 12:02 | Build | Palisade Wall |
| 12:09 | Build | House |
| 12:16 | Create | Villager (Male) |
| 12:29 | Build | Mining Camp |
| 12:50 | Build | Farm |
| 13:03 | Create | Villager (Male) |
| 13:39 | Create | Villager (Male) |
| 13:40 | Create | Villager (Male) |
| 13:51 | Build | Archery Range |
| 14:12 | Build | Farm |
| 14:18 | Build | Farm |
| 14:30 | Build | Farm |
| 14:34 | Create | Spearman |
| 14:35 | Create | Spearman |
| 14:41 | Create | Villager (Male) |
| 14:42 | Create | Villager (Male) |
| 15:01 | Create | Skirmisher |
| 15:02 | Create | Skirmisher |
| 15:03 | Create | Archer |
| 15:30 | Create | Villager (Male) |
| 16:04 | Create | Villager (Male) |
| 16:04 | Create | Villager (Male) |
| 16:12 | Create | Spearman |
| 16:14 | Create | Spearman |
| 17:25 | Build | House |
| 17:32 | Create | Villager (Male) |
| 17:41 | Create | Archer |
| 17:41 | Create | Archer |
| 17:42 | Create | Skirmisher |
| 17:52 | Build | Blacksmith |
| 18:06 | Build | Palisade Wall |
| 18:14 | Create | Villager (Male) |
| 18:33 | Research | Castle Age |
| 18:42 | Build | Farm |
| 18:43 | Build | Farm |
| 18:47 | Build | Farm |
| 19:02 | Build | House |
| 19:29 | Build | House |
| 19:38 | Build | Farm |
| 19:41 | Research | Horse Collar |
| 19:46 | Research | Double-Bit Axe |
| 20:24 | Research | Gold Mining |
| 20:28 | Create | Archer |
| 20:28 | Create | Archer |
| 20:29 | Create | Skirmisher |
| 20:49 | Create | Archer |
| 21:19 | Age | Castle Age |
| 21:24 | Build | Town Center |
| 21:26 | Create | Villager (Male) |
| 21:26 | Create | Villager (Male) |
| 21:26 | Create | Villager (Male) |
| 21:27 | Create | Villager (Male) |
| 21:43 | Build | Palisade Wall |
| 21:49 | Build | Palisade Gate |
| 22:17 | Build | University |
| 22:22 | Create | Villager (Male) |
| 22:26 | Research | Bow Saw |
| 22:56 | Create | Villager (Male) |
| 22:57 | Create | Villager (Male) |
| 22:57 | Create | Villager (Male) |
| 22:57 | Create | Villager (Male) |
| 23:42 | Create | Villager (Male) |
| 23:42 | Create | Villager (Male) |
| 24:08 | Build | Lumber Camp |
| 24:18 | Research | Wheelbarrow |
| 24:24 | Create | Villager (Male) |
| 24:24 | Create | Villager (Male) |
| 24:30 | Research | Stone Mining |
| 24:36 | Create | Fire Lancer |
| 24:36 | Create | Fire Lancer |
| 24:36 | Create | Fire Lancer |
| 24:37 | Create | Fire Lancer |
| 24:37 | Create | Fire Lancer |
| 24:37 | Create | Fire Lancer |
| 24:37 | Create | Fire Lancer |
| 24:38 | Create | Fire Lancer |
| 24:43 | Research | Crossbowman (upgrade) |
| 24:52 | Build | Archery Range |
| 25:14 | Create | Fire Lancer |
| 25:20 | Create | Archer |
| 25:20 | Create | Archer |
| 25:21 | Create | Archer |
| 25:21 | Create | Archer |
| 25:48 | Build | House |
| 25:59 | Build | House |
| 26:00 | Build | House |
| 26:01 | Build | House |
| 26:02 | Build | House |
| 26:05 | Research | Hand Cart |
| 26:06 | Create | Villager (Male) |
| 26:06 | Create | Villager (Male) |
| 26:54 | Research | Pikeman (upgrade) |
| 26:57 | Create | Archer |
| 26:57 | Create | Archer |
| 26:58 | Create | Archer |
| 26:58 | Create | Archer |
| 26:58 | Create | Archer |
| 26:58 | Create | Archer |
| 26:58 | Create | Archer |
| 26:59 | Create | Archer |
| 26:59 | Create | Archer |
| 27:33 | Build | Town Center |
| 27:36 | Research | Stone Shaft Mining |
| 27:47 | Build | Farm |
| 27:48 | Build | Farm |
| 27:50 | Build | Farm |
| 27:51 | Build | Farm |
Build order — Jack3d
First 150 of 280 actions detected
| 0:06 | Create | Villager (Male) |
| 0:06 | Create | Villager (Male) |
| 0:07 | Create | Villager (Male) |
| 0:07 | Create | Villager (Male) |
| 0:27 | Build | House |
| 1:12 | Build | House |
| 1:49 | Create | Villager (Male) |
| 1:49 | Create | Villager (Male) |
| 1:58 | Build | House |
| 2:24 | Create | Villager (Male) |
| 2:25 | Create | Villager (Male) |
| 2:37 | Build | House |
| 2:39 | Build | House |
| 2:54 | Create | Villager (Male) |
| 2:54 | Create | Villager (Male) |
| 3:27 | Create | Villager (Male) |
| 3:27 | Create | Villager (Male) |
| 3:27 | Create | Villager (Male) |
| 3:50 | Research | Loom |
| 4:24 | Build | Lumber Camp |
| 4:43 | Create | Villager (Male) |
| 4:44 | Create | Villager (Male) |
| 4:44 | Create | Villager (Male) |
| 5:17 | Create | Villager (Male) |
| 5:18 | Create | Villager (Male) |
| 6:00 | Create | Villager (Male) |
| 6:00 | Create | Villager (Male) |
| 6:22 | Create | Villager (Male) |
| 6:22 | Create | Villager (Male) |
| 6:32 | Build | Mining Camp |
| 6:43 | Build | Mill |
| 6:58 | Create | Villager (Male) |
| 6:58 | Create | Villager (Male) |
| 6:58 | Create | Villager (Male) |
| 7:30 | Create | Villager (Male) |
| 7:30 | Create | Villager (Male) |
| 7:34 | Research | Double-Bit Axe |
| 7:34 | Research | Double-Bit Axe |
| 8:01 | Create | Villager (Male) |
| 8:36 | Build | Mill |
| 9:43 | Research | Feudal Age |
| 10:01 | Build | Barracks |
| 10:48 | Build | Mining Camp |
| 11:54 | Age | Feudal Age |
| 12:00 | Build | Watch Tower |
| 12:04 | Create | Spearman |
| 12:05 | Create | Spearman |
| 12:36 | Build | Mining Camp |
| 12:44 | Create | Villager (Male) |
| 12:45 | Create | Villager (Male) |
| 12:45 | Create | Villager (Male) |
| 12:45 | Create | Villager (Male) |
| 12:45 | Create | Villager (Male) |
| 13:06 | Research | Man-at-Arms (upgrade) |
| 13:43 | Build | House |
| 13:44 | Build | House |
| 13:45 | Build | House |
| 13:46 | Build | House |
| 13:47 | Build | House |
| 13:48 | Build | House |
| 13:49 | Build | House |
| 14:02 | Build | Watch Tower |
| 14:18 | Build | Farm |
| 14:23 | Create | Villager (Male) |
| 14:44 | Build | Blacksmith |
| 14:56 | Build | Farm |
| 15:15 | Build | Stone Wall |
| 15:44 | Build | Stone Wall |
| 16:12 | Build | Farm |
| 16:14 | Research | Horse Collar |
| 16:14 | Research | Horse Collar |
| 16:17 | Research | Bow Saw |
| 16:19 | Create | Villager (Male) |
| 16:19 | Create | Villager (Male) |
| 16:19 | Create | Villager (Male) |
| 16:27 | Build | Gate |
| 16:44 | Build | Stone Wall |
| 17:05 | Build | Stone Wall |
| 17:16 | Build | Farm |
| 17:18 | Create | Villager (Male) |
| 17:19 | Create | Villager (Male) |
| 17:19 | Create | Villager (Male) |
| 17:23 | Research | Heavy Plow |
| 17:29 | Build | Farm |
| 18:08 | Build | Farm |
| 18:20 | Build | Stone Wall |
| 18:30 | Build | Market |
| 18:32 | Build | House |
| 18:34 | Build | House |
| 18:46 | Build | House |
| 18:47 | Build | House |
| 19:14 | Build | Farm |
| 19:15 | Build | Farm |
| 19:17 | Build | Farm |
| 19:20 | Build | Farm |
| 19:22 | Build | Farm |
| 19:25 | Build | Farm |
| 19:28 | Build | Farm |
| 19:39 | Build | Farm |
| 20:24 | Build | Farm |
| 21:00 | Build | House |
| 21:01 | Build | House |
| 21:02 | Build | House |
| 21:17 | Research | Castle Age |
| 21:17 | Research | Castle Age |
| 21:23 | Build | House |
| 21:24 | Build | House |
| 22:24 | Research | Stone Mining |
| 22:32 | Build | Stable |
| 22:35 | Build | Stable |
| 22:56 | Research | Gold Mining |
| 23:18 | Research | Scale Barding Armor |
| 23:24 | Build | Farm |
| 23:57 | Age | Castle Age |
| 24:03 | Build | Town Center |
| 24:07 | Create | Villager (Male) |
| 24:07 | Create | Villager (Male) |
| 24:07 | Create | Villager (Male) |
| 24:07 | Create | Villager (Male) |
| 24:07 | Create | Villager (Male) |
| 24:08 | Create | Villager (Male) |
| 24:12 | Create | Knight |
| 24:12 | Create | Knight |
| 24:28 | Create | Villager (Male) |
| 24:28 | Create | Villager (Male) |
| 24:37 | Create | Knight |
| 24:37 | Create | Knight |
| 24:53 | Build | Farm |
| 24:56 | Build | Farm |
| 25:38 | Build | Farm |
| 25:41 | Research | Cavalier (upgrade) |
| 25:53 | Create | Knight |
| 25:53 | Create | Knight |
| 25:54 | Create | Knight |
| 26:12 | Build | Town Center |
| 26:41 | Create | Knight |
| 26:41 | Create | Knight |
| 26:57 | Create | Villager (Male) |
| 26:58 | Create | Villager (Male) |
| 27:00 | Create | Villager (Male) |
| 27:00 | Create | Villager (Male) |
| 27:01 | Create | Villager (Male) |
| 27:01 | Create | Villager (Male) |
| 27:06 | Build | Farm |
| 27:11 | Build | Lumber Camp |
| 27:13 | Research | Two-Man Saw |
| 27:13 | Research | Two-Man Saw |
| 28:13 | Research | Forging |
| 29:17 | Create | Knight |
| 29:17 | Create | Knight |
Build order — MachoClock30007
First 150 of 383 actions detected
| 0:01 | Create | Villager (Male) |
| 0:02 | Create | Villager (Male) |
| 0:02 | Create | Villager (Male) |
| 0:02 | Create | Villager (Male) |
| 0:03 | Build | House |
| 0:05 | Build | House |
| 1:24 | Create | Villager (Male) |
| 1:53 | Build | Lumber Camp |
| 1:59 | Create | Villager (Male) |
| 2:18 | Create | Villager (Male) |
| 2:18 | Create | Villager (Male) |
| 2:42 | Build | House |
| 2:48 | Create | Villager (Male) |
| 2:48 | Create | Villager (Male) |
| 3:05 | Create | Villager (Male) |
| 3:51 | Create | Villager (Male) |
| 3:51 | Create | Villager (Male) |
| 3:51 | Create | Villager (Male) |
| 4:06 | Build | Mill |
| 4:28 | Build | House |
| 4:29 | Build | Palisade Wall |
| 4:30 | Build | Palisade Wall |
| 4:33 | Build | Palisade Wall |
| 4:39 | Create | Villager (Male) |
| 4:40 | Create | Villager (Male) |
| 4:55 | Create | Villager (Male) |
| 4:56 | Create | Villager (Male) |
| 5:39 | Create | Villager (Male) |
| 5:39 | Create | Villager (Male) |
| 6:02 | Build | Palisade Wall |
| 6:02 | Build | Palisade Wall |
| 6:05 | Build | Palisade Wall |
| 6:11 | Create | Villager (Male) |
| 6:12 | Create | Villager (Male) |
| 6:12 | Create | Villager (Male) |
| 6:12 | Create | Villager (Male) |
| 6:12 | Create | Villager (Male) |
| 6:35 | Create | Villager (Male) |
| 6:36 | Create | Villager (Male) |
| 7:23 | Build | Lumber Camp |
| 7:32 | Build | Mill |
| 7:41 | Create | Villager (Male) |
| 7:58 | Build | Palisade Wall |
| 7:58 | Build | Palisade Wall |
| 8:03 | Build | House |
| 8:04 | Build | House |
| 8:05 | Build | House |
| 8:10 | Build | Palisade Wall |
| 8:11 | Build | Palisade Wall |
| 8:11 | Build | Palisade Wall |
| 8:13 | Create | Villager (Male) |
| 8:17 | Research | Loom |
| 9:07 | Research | Feudal Age |
| 9:12 | Build | House |
| 9:17 | Build | Palisade Wall |
| 9:25 | Build | House |
| 9:26 | Build | House |
| 9:27 | Build | House |
| 9:40 | Build | Palisade Wall |
| 9:41 | Build | Palisade Wall |
| 9:41 | Build | Palisade Wall |
| 10:27 | Create | Villager (Male) |
| 10:27 | Create | Villager (Male) |
| 10:27 | Create | Villager (Male) |
| 10:29 | Create | Villager (Male) |
| 10:36 | Build | House |
| 10:38 | Build | House |
| 10:45 | Build | Palisade Wall |
| 11:08 | Create | Villager (Male) |
| 11:45 | Research | Double-Bit Axe |
| 11:47 | Research | Horse Collar |
| 11:54 | Build | Market |
| 12:20 | Build | Blacksmith |
| 12:32 | Build | Farm |
| 12:33 | Build | Farm |
| 12:37 | Build | Mining Camp |
| 12:59 | Create | Villager (Male) |
| 13:01 | Create | Villager (Male) |
| 13:04 | Build | Farm |
| 13:09 | Build | Farm |
| 13:25 | Build | Farm |
| 13:27 | Build | Farm |
| 13:45 | Build | Farm |
| 13:46 | Build | Farm |
| 13:50 | Build | Farm |
| 14:18 | Build | Farm |
| 14:21 | Create | Villager (Male) |
| 14:21 | Create | Villager (Male) |
| 14:30 | Create | Villager (Male) |
| 14:30 | Research | Wheelbarrow |
| 14:43 | Build | Mining Camp |
| 14:55 | Build | Farm |
| 15:55 | Build | Farm |
| 15:56 | Build | Farm |
| 15:58 | Build | Farm |
| 16:12 | Build | Farm |
| 16:13 | Build | Farm |
| 16:37 | Build | House |
| 16:38 | Build | House |
| 16:41 | Build | House |
| 16:43 | Build | Stone Wall |
| 16:44 | Build | Stone Wall |
| 16:46 | Build | Stone Wall |
| 16:46 | Build | Stone Wall |
| 16:48 | Build | Stone Wall |
| 16:54 | Research | Castle Age |
| 17:09 | Research | Stone Mining |
| 17:19 | Build | Farm |
| 17:28 | Research | Gold Mining |
| 17:58 | Research | Padded Archer Armor |
| 18:09 | Build | House |
| 18:10 | Build | House |
| 18:13 | Build | House |
| 18:13 | Build | House |
| 18:18 | Build | House |
| 18:19 | Build | House |
| 18:35 | Create | Villager (Male) |
| 18:36 | Create | Villager (Male) |
| 18:36 | Create | Villager (Male) |
| 18:38 | Research | Fletching |
| 19:11 | Create | Villager (Male) |
| 19:52 | Build | Castle |
| 19:55 | Research | Heavy Plow |
| 19:59 | Research | Bow Saw |
| 20:04 | Research | Leather Archer Armor |
| 20:21 | Build | Gate |
| 20:36 | Create | Villager (Male) |
| 20:47 | Build | Town Center |
| 20:55 | Create | Villager (Male) |
| 21:10 | Build | Stone Wall |
| 21:12 | Build | Stone Wall |
| 21:13 | Build | Stone Wall |
| 21:14 | Build | Stone Wall |
| 21:16 | Build | Stone Wall |
| 21:19 | Create | Villager (Male) |
| 21:20 | Create | Conquistador |
| 21:20 | Create | Conquistador |
| 21:23 | Create | Conquistador |
| 21:47 | Create | Villager (Male) |
| 22:16 | Create | Conquistador |
| 22:18 | Create | Villager (Male) |
| 22:26 | Build | Town Center |
| 22:34 | Create | Conquistador |
| 22:35 | Create | Villager (Male) |
| 22:56 | Create | Villager (Male) |
| 23:15 | Create | Conquistador |
| 23:15 | Create | Conquistador |
| 23:17 | Create | Villager (Male) |
| 23:18 | Create | Villager (Male) |
| 23:18 | Create | Villager (Male) |
Build order — aerogel
First 150 of 357 actions detected
| 0:00 | Create | Villager (Male) |
| 0:01 | Create | Villager (Male) |
| 0:02 | Build | House |
| 0:03 | Build | House |
| 0:15 | Create | Villager (Male) |
| 0:15 | Create | Villager (Male) |
| 0:15 | Create | Villager (Male) |
| 1:51 | Create | Villager (Male) |
| 1:51 | Create | Villager (Male) |
| 2:07 | Create | Villager (Male) |
| 2:07 | Create | Villager (Male) |
| 2:19 | Create | Villager (Male) |
| 2:29 | Build | Lumber Camp |
| 3:13 | Create | Villager (Male) |
| 3:14 | Create | Villager (Male) |
| 3:24 | Build | House |
| 3:56 | Create | Villager (Male) |
| 3:56 | Create | Villager (Male) |
| 3:56 | Create | Villager (Male) |
| 4:09 | Build | House |
| 4:58 | Build | Mill |
| 5:01 | Create | Villager (Male) |
| 5:02 | Create | Villager (Male) |
| 5:02 | Create | Villager (Male) |
| 5:02 | Create | Villager (Male) |
| 5:02 | Create | Villager (Male) |
| 6:13 | Build | Lumber Camp |
| 6:16 | Create | Villager (Male) |
| 6:22 | Create | Villager (Male) |
| 6:50 | Build | House |
| 6:52 | Create | Villager (Male) |
| 7:29 | Create | Villager (Male) |
| 7:41 | Create | Villager (Male) |
| 7:57 | Research | Loom |
| 8:18 | Build | Barracks |
| 9:23 | Create | Villager (Male) |
| 9:23 | Create | Villager (Male) |
| 9:26 | Research | Feudal Age |
| 9:52 | Build | Mill |
| 10:13 | Create | Villager (Male) |
| 10:13 | Create | Villager (Male) |
| 11:15 | Build | Farm |
| 11:21 | Build | Farm |
| 11:23 | Build | Farm |
| 11:36 | Age | Feudal Age |
| 12:00 | Create | Villager (Male) |
| 12:04 | Research | Double-Bit Axe |
| 12:05 | Research | Horse Collar |
| 12:11 | Build | Stable |
| 12:22 | Build | Blacksmith |
| 12:27 | Create | Villager (Male) |
| 12:33 | Build | Farm |
| 12:58 | Create | Villager (Male) |
| 13:04 | Build | Farm |
| 13:12 | Create | Scout Cavalry |
| 13:12 | Create | Scout Cavalry |
| 13:12 | Create | Scout Cavalry |
| 13:13 | Create | Scout Cavalry |
| 13:13 | Create | Scout Cavalry |
| 13:13 | Create | Scout Cavalry |
| 13:22 | Build | Farm |
| 13:25 | Create | Villager (Male) |
| 13:44 | Build | Stable |
| 13:47 | Create | Scout Cavalry |
| 13:47 | Create | Scout Cavalry |
| 13:48 | Create | Scout Cavalry |
| 13:56 | Build | Farm |
| 14:09 | Build | Farm |
| 14:13 | Create | Villager (Male) |
| 14:13 | Create | Villager (Male) |
| 14:25 | Build | House |
| 14:27 | Build | House |
| 14:32 | Build | House |
| 14:34 | Build | House |
| 14:35 | Build | House |
| 14:40 | Create | Villager (Male) |
| 14:40 | Create | Villager (Male) |
| 14:44 | Research | Wheelbarrow |
| 14:44 | Create | Villager (Male) |
| 14:45 | Create | Villager (Male) |
| 15:16 | Research | Scale Barding Armor |
| 15:23 | Create | Scout Cavalry |
| 15:23 | Create | Scout Cavalry |
| 15:23 | Create | Scout Cavalry |
| 15:38 | Create | Villager (Male) |
| 16:15 | Research | Forging |
| 16:15 | Research | Scale Mail Armor |
| 16:21 | Build | Farm |
| 16:21 | Build | Farm |
| 16:21 | Build | Farm |
| 16:21 | Build | Farm |
| 16:21 | Build | Farm |
| 16:21 | Build | Farm |
| 16:22 | Build | Farm |
| 16:22 | Build | Farm |
| 16:34 | Build | Farm |
| 16:34 | Build | Farm |
| 16:35 | Build | Farm |
| 16:35 | Build | Farm |
| 16:35 | Build | Farm |
| 16:35 | Build | Farm |
| 16:36 | Build | Farm |
| 16:36 | Build | Farm |
| 16:36 | Build | Farm |
| 17:19 | Create | Villager (Male) |
| 17:19 | Create | Villager (Male) |
| 17:22 | Build | Farm |
| 17:23 | Build | Farm |
| 17:30 | Build | Palisade Wall |
| 17:47 | Build | Farm |
| 17:48 | Create | Villager (Male) |
| 17:56 | Build | Mining Camp |
| 17:58 | Create | Villager (Male) |
| 18:07 | Create | Scout Cavalry |
| 18:08 | Create | Scout Cavalry |
| 18:08 | Create | Scout Cavalry |
| 18:12 | Build | Farm |
| 18:29 | Build | Palisade Wall |
| 18:57 | Build | Palisade Wall |
| 19:06 | Build | Palisade Wall |
| 19:07 | Create | Villager (Male) |
| 19:08 | Create | Villager (Male) |
| 19:12 | Build | Farm |
| 19:18 | Create | Scout Cavalry |
| 19:19 | Create | Scout Cavalry |
| 19:19 | Create | Scout Cavalry |
| 19:19 | Create | Scout Cavalry |
| 19:20 | Create | Scout Cavalry |
| 19:45 | Create | Villager (Male) |
| 20:10 | Build | Palisade Gate |
| 20:12 | Create | Villager (Male) |
| 20:36 | Build | Palisade Gate |
| 21:15 | Build | Palisade Wall |
| 21:23 | Build | House |
| 21:24 | Build | House |
| 21:26 | Create | Villager (Male) |
| 21:29 | Research | Castle Age |
| 21:43 | Build | House |
| 21:45 | Build | House |
| 22:00 | Build | House |
| 22:01 | Build | House |
| 22:03 | Build | House |
| 22:04 | Build | House |
| 22:05 | Build | House |
| 22:07 | Build | House |
| 22:20 | Build | Farm |
| 22:23 | Create | Villager (Male) |
| 22:29 | Build | House |
| 23:05 | Build | House |
| 23:07 | Build | House |
Build order — alsercan87
First 150 of 198 actions detected
| 0:05 | Build | House |
| 0:07 | Build | House |
| 0:12 | Create | Villager (Male) |
| 0:12 | Create | Villager (Male) |
| 0:13 | Research | Loom |
| 0:13 | Create | Villager (Male) |
| 0:13 | Create | Villager (Male) |
| 0:14 | Create | Villager (Male) |
| 1:34 | Create | Villager (Male) |
| 1:34 | Create | Villager (Male) |
| 1:34 | Create | Villager (Male) |
| 1:35 | Create | Villager (Male) |
| 2:33 | Create | Villager (Male) |
| 2:33 | Create | Villager (Male) |
| 3:13 | Create | Villager (Male) |
| 3:22 | Create | Villager (Male) |
| 3:37 | Create | Villager (Male) |
| 4:04 | Build | House |
| 4:09 | Create | Villager (Male) |
| 4:28 | Build | Lumber Camp |
| 4:34 | Create | Villager (Male) |
| 4:52 | Create | Villager (Male) |
| 5:09 | Create | Villager (Male) |
| 6:08 | Create | Villager (Male) |
| 6:14 | Build | House |
| 6:29 | Create | Villager (Male) |
| 7:02 | Create | Villager (Male) |
| 7:24 | Build | Mill |
| 7:31 | Create | Villager (Male) |
| 7:59 | Build | Mill |
| 8:03 | Research | Feudal Age |
| 8:17 | Create | Villager (Male) |
| 8:54 | Build | House |
| 9:01 | Create | Villager (Male) |
| 10:17 | Age | Feudal Age |
| 10:23 | Research | Horse Collar |
| 10:25 | Research | Double-Bit Axe |
| 10:28 | Create | Villager (Male) |
| 10:49 | Build | Mining Camp |
| 10:55 | Create | Villager (Male) |
| 11:44 | Build | Mining Camp |
| 11:53 | Build | Farm |
| 11:57 | Create | Villager (Male) |
| 12:04 | Build | Farm |
| 12:37 | Build | Farm |
| 12:39 | Create | Villager (Male) |
| 12:47 | Build | House |
| 12:52 | Create | Villager (Male) |
| 13:10 | Build | Blacksmith |
| 13:13 | Build | Farm |
| 13:16 | Create | Villager (Male) |
| 13:31 | Build | House |
| 13:41 | Build | Farm |
| 13:44 | Research | Gold Mining |
| 13:44 | Research | Stone Mining |
| 13:49 | Create | Villager (Male) |
| 14:02 | Build | Farm |
| 14:19 | Create | Villager (Male) |
| 14:22 | Build | Farm |
| 14:31 | Create | Villager (Male) |
| 14:49 | Build | Farm |
| 14:54 | Create | Villager (Male) |
| 15:10 | Build | Market |
| 15:19 | Build | Farm |
| 15:33 | Create | Villager (Male) |
| 15:38 | Build | Farm |
| 16:03 | Build | Stone Wall |
| 16:07 | Build | Gate |
| 16:15 | Build | Farm |
| 16:17 | Create | Villager (Male) |
| 16:20 | Create | Villager (Male) |
| 16:40 | Build | Farm |
| 16:42 | Build | Farm |
| 16:43 | Build | Farm |
| 16:45 | Build | Farm |
| 16:57 | Build | House |
| 17:01 | Create | Villager (Male) |
| 17:08 | Build | Farm |
| 17:28 | Build | Farm |
| 17:31 | Research | Castle Age |
| 18:06 | Create | Villager (Male) |
| 18:06 | Create | Villager (Male) |
| 18:09 | Create | Villager (Male) |
| 18:09 | Create | Villager (Male) |
| 18:27 | Research | Wheelbarrow |
| 18:40 | Build | Stone Wall |
| 20:03 | Research | Padded Archer Armor |
| 20:04 | Research | Fletching |
| 20:12 | Age | Castle Age |
| 20:15 | Build | Castle |
| 20:49 | Research | Bow Saw |
| 20:52 | Research | Heavy Plow |
| 20:57 | Build | Town Center |
| 21:05 | Research | Gold Shaft Mining |
| 21:05 | Research | Stone Shaft Mining |
| 21:18 | Build | Stone Wall |
| 21:25 | Create | Villager (Male) |
| 22:07 | Create | Villager (Male) |
| 22:07 | Create | Villager (Male) |
| 22:26 | Create | Ballista Elephant ×3 |
| 22:30 | Create | Ballista Elephant |
| 22:45 | Build | Farm |
| 22:46 | Build | Farm |
| 22:47 | Build | Farm |
| 22:47 | Build | Farm |
| 22:51 | Create | Villager (Male) |
| 22:52 | Create | Villager (Male) |
| 23:08 | Create | Ballista Elephant |
| 23:19 | Build | Farm |
| 23:23 | Create | Villager (Male) |
| 23:27 | Create | Villager (Male) |
| 23:41 | Build | Town Center |
| 23:46 | Create | Villager (Male) |
| 23:49 | Build | Farm |
| 23:51 | Create | Villager (Male) |
| 23:55 | Create | Ballista Elephant |
| 24:10 | Build | Farm |
| 24:15 | Create | Villager (Male) |
| 24:17 | Create | Villager (Male) |
| 24:24 | Create | Ballista Elephant |
| 24:30 | Research | Leather Archer Armor |
| 24:36 | Build | Farm |
| 24:40 | Create | Villager (Male) |
| 24:48 | Create | Ballista Elephant |
| 25:04 | Build | Farm |
| 25:32 | Build | Farm |
| 25:35 | Research | Hand Cart |
| 25:36 | Create | Villager (Male) |
| 25:36 | Create | Villager (Male) |
| 25:43 | Build | Mining Camp |
| 25:46 | Create | Villager (Male) |
| 25:47 | Create | Villager (Male) |
| 25:47 | Create | Villager (Male) |
| 25:53 | Create | Villager (Male) |
| 25:59 | Create | Villager (Male) |
| 25:59 | Create | Villager (Male) |
| 26:30 | Build | Farm |
| 26:34 | Create | Villager (Male) |
| 26:37 | Create | Villager (Male) |
| 26:39 | Create | Villager (Male) |
| 26:39 | Create | Villager (Male) |
| 27:05 | Create | Villager (Male) |
| 27:09 | Build | Mining Camp |
| 27:15 | Create | Villager (Male) |
| 27:15 | Create | Villager (Male) |
| 27:25 | Create | Villager (Male) |
| 27:25 | Create | Villager (Male) |
| 28:10 | Build | Farm |
| 28:20 | Create | Ballista Elephant ×5 |
| 29:19 | Build | Farm |
Match timeline
| 4:29 | MachoClock30007 · wall_segment Palisade Wall x1 |
| 4:30 | MachoClock30007 · wall_segment Palisade Wall x1 |
| 4:33 | MachoClock30007 · wall_segment Palisade Wall x8 |
| 6:02 | MachoClock30007 · wall_segment Palisade Wall x14 |
| 6:02 | MachoClock30007 · wall_segment Palisade Wall x1 |
| 6:05 | MachoClock30007 · wall_segment Palisade Wall x4 |
| 7:30 | jOkEs On YoU · wall_segment Palisade Wall x6 |
| 7:58 | MachoClock30007 · wall_segment Palisade Wall x1 |
| 7:58 | MachoClock30007 · wall_segment Palisade Wall x1 |
| 8:10 | MachoClock30007 · wall_segment Palisade Wall x1 |
| 8:11 | MachoClock30007 · wall_segment Palisade Wall x1 |
| 8:11 | MachoClock30007 · wall_segment Palisade Wall x1 |
| 8:18 | aerogel · first_building Barracks |
| 8:27 | Slayer30 · wall_segment Palisade Wall x20 |
| 9:17 | MachoClock30007 · wall_segment Palisade Wall x14 |
| 9:40 | MachoClock30007 · wall_segment Palisade Wall x1 |
| 9:41 | MachoClock30007 · wall_segment Palisade Wall x1 |
| 9:41 | MachoClock30007 · wall_segment Palisade Wall x1 |
| 9:50 | 66狗 · age_up feudal |
| 10:01 | Jack3d · first_building Barracks |
| 10:17 | alsercan87 · age_up feudal |
| 10:35 | jOkEs On YoU · age_up feudal |
| 10:39 | 蹲牢里大口干饭 · age_up feudal |
| 10:40 | jOkEs On YoU · wall_segment Palisade Wall x1 |
| 10:45 | MachoClock30007 · wall_segment Palisade Wall x13 |
| 10:49 | Slayer30 · wall_segment Palisade Wall x5 |
| 10:50 | jOkEs On YoU · first_building Barracks |
| 11:21 | Slayer30 · age_up feudal |
| 11:36 | aerogel · age_up feudal |
| 11:54 | Jack3d · age_up feudal |
| 12:02 | jOkEs On YoU · wall_segment Palisade Wall x1 |
| 12:03 | Slayer30 · wall_segment Palisade Wall x1 |
| 12:11 | aerogel · first_building Stable |
| 12:47 | Slayer30 · wall_segment Stone Wall x18 |
| 13:12 | Slayer30 · wall_segment Stone Wall x8 |
| 13:15 | Slayer30 · wall_segment Stone Wall x11 |
| 13:32 | Slayer30 · wall_segment Stone Wall x8 |
| 13:51 | jOkEs On YoU · first_building Archery Range |
| 14:51 | Slayer30 · wall_segment Stone Wall x2 |
| 15:12 | Slayer30 · wall_segment Stone Wall x10 |
| 15:15 | Jack3d · wall_segment Stone Wall x11 |
| 15:44 | Jack3d · wall_segment Stone Wall x12 |
| 16:03 | alsercan87 · wall_segment Stone Wall x13 |
| 16:29 | 蹲牢里大口干饭 · first_market_sell 100 wood |
| 16:43 | MachoClock30007 · wall_segment Stone Wall x1 |
| 16:44 | MachoClock30007 · wall_segment Stone Wall x1 |
| 16:44 | Jack3d · wall_segment Stone Wall x19 |
| 16:46 | MachoClock30007 · wall_segment Stone Wall x1 |
| 16:46 | MachoClock30007 · wall_segment Stone Wall x1 |
| 16:48 | MachoClock30007 · wall_segment Stone Wall x1 |
| 17:05 | Jack3d · wall_segment Stone Wall x12 |
| 17:30 | aerogel · wall_segment Palisade Wall x4 |
| 18:00 | Slayer30 · age_up castle |
| 18:03 | 66狗 · first_building Barracks |
| 18:06 | jOkEs On YoU · wall_segment Palisade Wall x13 |
| 18:20 | Jack3d · wall_segment Stone Wall x9 |
| 18:29 | aerogel · wall_segment Palisade Wall x11 |
| 18:40 | alsercan87 · wall_segment Stone Wall x5 |
| 18:57 | aerogel · wall_segment Palisade Wall x15 |
| 19:05 | 66狗 · first_building Stable |
| 19:06 | aerogel · wall_segment Palisade Wall x7 |
| 19:11 | 蹲牢里大口干饭 · age_up castle |
| 19:52 | MachoClock30007 · first_building Castle |
| 20:12 | alsercan87 · age_up castle |
| 20:15 | alsercan87 · first_building Castle |
| 20:38 | 66狗 · wall_segment Palisade Wall x20 |
| 20:39 | Slayer30 · first_building Barracks |
| 20:51 | 66狗 · wall_segment Palisade Wall x11 |
| 20:56 | 66狗 · age_up castle |
| 21:10 | MachoClock30007 · wall_segment Stone Wall x9 |
| 21:12 | MachoClock30007 · wall_segment Stone Wall x1 |
| 21:13 | MachoClock30007 · wall_segment Stone Wall x1 |
| 21:14 | MachoClock30007 · wall_segment Stone Wall x1 |
| 21:15 | aerogel · wall_segment Palisade Wall x7 |
| 21:16 | MachoClock30007 · wall_segment Stone Wall x1 |
| 21:18 | alsercan87 · wall_segment Stone Wall x8 |
| 21:19 | jOkEs On YoU · age_up castle |
| 21:31 | 66狗 · first_market_buy 100 food |
| 21:33 | Slayer30 · first_building Monastery |
| 21:43 | jOkEs On YoU · wall_segment Palisade Wall x1 |
| 22:32 | Jack3d · first_building Stable |
| 23:26 | 蹲牢里大口干饭 · first_building Monastery |
| 23:57 | Jack3d · age_up castle |
| 24:09 | aerogel · age_up castle |
| 25:29 | Slayer30 · wall_segment Stone Wall x5 |
| 25:39 | Slayer30 · wall_segment Stone Wall x9 |
| 25:50 | Jack3d · first_market_sell 100 wood |
| 27:28 | MachoClock30007 · first_building Barracks |
| 28:05 | 蹲牢里大口干饭 · first_building Barracks |
| 28:48 | MachoClock30007 · first_building Stable |
| 28:49 | aerogel · wall_segment Stone Wall x5 |
| 29:35 | alsercan87 · wall_segment Stone Wall x14 |
| 29:52 | 蹲牢里大口干饭 · first_building Stable |
| 30:06 | 蹲牢里大口干饭 · age_up imperial |
| 30:21 | 66狗 · first_building Castle |
| 30:35 | aerogel · first_building Monastery |
| 31:55 | aerogel · first_building Archery Range |
| 32:16 | Jack3d · first_building Castle |
| 33:04 | Jack3d · first_building Archery Range |
| 33:19 | Slayer30 · age_up imperial |
| 33:24 | Slayer30 · first_building Castle |
| 33:49 | MachoClock30007 · first_market_sell 100 wood |
| 34:01 | aerogel · first_building Castle |
| 34:55 | Slayer30 · first_building Siege Workshop |
| 35:07 | 66狗 · age_up imperial |
| 35:30 | jOkEs On YoU · first_building Castle |
| 35:31 | Jack3d · wall_segment Stone Wall x12 |
| 35:38 | Jack3d · wall_segment Stone Wall x5 |
| 36:31 | alsercan87 · wall_segment Stone Wall x7 |
| 36:52 | Slayer30 · first_market_buy 100 stone |
| 37:16 | MachoClock30007 · wall_segment Stone Wall x10 |
| 37:22 | alsercan87 · first_market_buy 100 wood |
| 37:26 | Jack3d · age_up imperial |
| 37:33 | jOkEs On YoU · first_building Siege Workshop |
| 39:16 | 66狗 · first_market_sell 500 wood |
| 39:25 | alsercan87 · first_building Barracks |
| 39:29 | Jack3d · wall_segment Stone Wall x11 |
| 40:17 | aerogel · age_up imperial |
| 40:44 | jOkEs On YoU · first_building Stable |
| 41:21 | jOkEs On YoU · age_up imperial |
| 41:22 | Slayer30 · resign |
[ AI ANALYSIS · 1 CREDIT ]
What really happened in this match?
Wolo.gg analyzes every decision: build order, eco, micro, common mistakes by bracket. Personalized analysis on WhatsApp or Discord in 30 seconds.
Civ guide
Cumans
Perfil
Jugador #22158716